 Dungeon Crawl Stone Soup version 0.29.1-12-g30fa7ad0bf (webtiles) character file.

Game seed: 2975439273119629709

1 suuiika the Chiller (level 1, 0/7 HPs)
             Began as a Felid Ice Elementalist on Dec 19, 2022.
             Slain by a jackal (3 damage)
             ... on level 1 of the Dungeon.
             The game lasted 00:01:40 (24 turns).

suuiika the Chiller (Felid Ice Elementalist)          Turns: 24, Time: 00:01:42

Health: 0/7        AC:  1    Str:  4    XL:     1   Next: 16%
Magic:  0/4        EV: 17    Int: 16    God:
Gold:   4          SH:  0    Dex: 16    Spells: 3/4 levels left
                                        Lives:  0   Deaths: 0

rFire   . . .      SeeInvis +   (weapon unavailable)
rCold   . . .      Faith    .   (shield unavailable)
rNeg    . . .      Spirit   .   (body armour unavailable)
rPois   .          Reflect  .   (helmet unavailable)
rElec   .          Harm     .   (cloak unavailable)
rCorr   .          Rampage  .   (gloves unavailable)
Will    .....                   (boots unavailable)
Stlth   ++........              (no amulet)
HPRegen 0.02/turn               (no ring)
MPRegen 0.09/turn               (no ring)

@: quick
A: very small, claws 1, fangs 3, see invisible, speed 1, shaggy fur 1, stealthy
paws, no weapons or thrown items, no armour, multi-lived
a: no special abilities


You were on level 1 of the Dungeon.
You visited 1 branch of the dungeon, and saw 1 of its levels.

You collected 4 gold pieces.

Inventory:

Potions
 a - a potion of magic


   Skills:
 + Level 2.7 Dodging
 + Level 2.7 Stealth
 + Level 2.0 Spellcasting
 + Level 3.6 Ice Magic


You had 3 spell levels left.
You knew the following spells:

 Your Spells              Type           Power      Damage    Failure   Level
a - Freeze                Ice            52%        1d7       4%          1

Your spell library contained the following spells:

 Spells                   Type           Power      Damage    Failure   Level
 Frozen Ramparts          Ice            26%        1d4       14%         3
 Ozocubu's Armour         Ice            13%        N/A       14%         3
 Hailstorm                Conj/Ice       7%         3d4       67%         4


Dungeon Overview and Level Annotations

Branches:
Dungeon (1/15)

Altars:


Innate Abilities, Weirdness & Mutations

You have sharp claws.
You have razor-sharp teeth.
You have supernaturally acute eyesight. (SInv)
You cover ground quickly. (Speed+)
You are covered in fur. (AC +1)
Your paws help you pounce on unaware monsters.
You are incapable of wielding weapons or throwing items.
You cannot wear armour.
You gain extra lives every three experience levels.


Message History

You don't have enough magic to cast this spell.
You scratch the jackal but do no damage.
Your bite misses the jackal. The jackal closely misses you.
You scratch the jackal.
The jackal is lightly wounded.
The jackal closely misses you. The jackal completely misses you.
You barely miss the jackal.
The jackal is lightly wounded.
The jackal misses you.
You closely miss the jackal.
The jackal is lightly wounded.
The jackal barely misses you. The jackal closely misses you.
Your magical contamination has completely faded away.
You closely miss the jackal.
The jackal is lightly wounded.
The jackal misses you.
You barely miss the jackal.
The jackal is lightly wounded.
The jackal barely misses you.
You scratch the jackal.
The jackal is heavily wounded.
The jackal misses you. x2
You closely miss the jackal.
The jackal is heavily wounded.
The jackal bites you.
You barely miss the jackal.
The jackal is heavily wounded.
The jackal barely misses you. The jackal closely misses you.
You barely miss the jackal. Your bite misses the jackal.
The jackal is heavily wounded.
The jackal barely misses you.
Casting: Freeze (safe; 4% risk of failure)
Confirm with . or Enter, or press ? or * to list all spells.
Aiming: Freeze (safe; 4% risk of failure)
Press: ? - help, Shift-Dir - straight line, f - jackal
Aim: a jackal (heavily wounded)
You freeze the jackal.
The jackal is severely wounded.
The jackal bites you.
You die...

## . .# .. #.# . .#
.. ....###.##.## .
........... ..
..##.#...... #.#
..........# ....
##..wh.# ....
#...gh#####....
#......#@....#
#.....###...##
.....#####.#####...
....#...........#
...###....<....##
..# ##.......## .#
....#.$...#....
...###...###... #.#
##.## #.#


You could see a dart slug, 2 jackals and a goblin.

Vanquished Creatures
  A jackal (D:1)
1 creature vanquished.

Notes
Turn   | Place    | Note
-------+----------+-------------------------------------------
     0 | D:1      | suuiika the Felid Ice Elementalist began the quest for the
                  | Orb.
     0 | D:1      | Reached XP level 1. HP: 7/7 MP: 4/4
    24 | D:1      | Slain by a jackal

Illustrated notes

Levels and vault maps discovered:
D:1:      onia_arrival_pyramid, layout_basic, chequers_ecumenical_altar_simple,
          minmay_heptomino_d4

Action                   || total
-------------------------++-------
Melee: Unarmed           ||    10
 Cast: Freeze            ||     4
Armor: Skin              ||     1
Dodge: Dodged            ||    16
